Map: Ruins of Endion

Players

blackxored - Winner!

  • Race: Zerg Zerg
  • League: Diamond

Posimodias

  • Race: Terran Terran
  • League: Platinum

VOD

Have the link to the VOD?

Description

Time

  • Played on: July 3, 2016, 4:59 p.m.
  • Length: 4:52
Show
View Real Time Build Order
Export as new Build Order

blackxored Zerg - Winner!

Build Orders: Hatch First, Zergling Baneling 

Get SALT Encoding   

  12  0:02  Drone  
  13  0:12  Drone  
  14  0:19  Overlord  
  14  0:27  Extractor, Drone  
  15  0:39  Drone x2  
  17  0:56  Drone, Hatchery  
  17  0:59  Drone  
  18  1:18  Extractor, Spawning Pool  
  17  1:20  Drone  
  17  1:21  Drone  
  18  1:28  Drone  
  19  1:39  Overlord  
  19  2:02  Drone x2  
  19  2:07  Queen  
  23  2:08  Queen  
  25  2:18  Metabolic Boost, Zergling x4  
  27  2:34  Zergling x2  
  27  2:35  Zergling x6  
  30  3:09  Drone  
  30  3:10  Baneling Nest  
  30  3:11  Zergling x10  
  35  3:20  Overlord  
  35  3:32  Overlord x2  
  35  3:33  Overlord  
  35  3:38  Zergling x6  
  35  3:39  Zergling x6  
  41  3:51  Zergling x4  
  43  4:00  Baneling x9  
  43  4:23  Zergling x12  
  43  4:24  Zergling x2  
  44  4:27  Baneling x2  
Show
View Real Time Build Order
Export as new Build Order

Posimodias Terran 

Build Orders:  

Get SALT Encoding   

  12  0:02  SCV  
  13  0:14  SCV  
  14  0:26  Supply Depot, SCV  
  15  0:32  Refinery  
  15  0:47  SCV  
  15  0:49  Barracks  
  16  0:59  SCV  
  17  1:11  SCV  
  17  1:15  Refinery  
  18  1:24  SCV  
  19  1:36  SCV  
  19  1:37  Reaper  
  21  1:48  Orbital Command  
  21  1:53  Factory  
  21  2:09  Marine  
  22  2:15  SCV  
  23  2:24  Command Center  
  23  2:39  Supply Depot  
  23  3:01  SCV  
  24  3:08  Marine  
  25  3:13  SCV  
  25  3:15  Factory Tech Lab  
  26  3:22  Barracks  
  26  3:24  Supply Depot  
  26  3:25  SCV  
  26  3:26  Marine  
  28  3:27  Starport  
  28  3:37  SCV  
  28  3:38  Orbital Command  
  29  3:48  Siege Tank  
  29  3:49  SCV  
  32  3:59  Supply Depot  
  32  4:01  SCV  
  33  4:04  Supply Depot  
  33  4:06  Bunker  
  33  4:10  Marine  
  33  4:12  Marine  
  33  4:13  SCV  
Tags
 
Add a new tag
Caveats
  • Supply blocks, unpowered buildings, or Contaminate may cause inaccurate times.
  • Supply counts are checked every 10 seconds.